 Dungeon Crawl Stone Soup version 0.28.0 (webtiles) character file.

Game seed: 6051511375228210231

1296 HallandMoats the Poker (level 8, -21/70 HPs)
             Began as a Minotaur Monk on Feb 7, 2022.
             Was an Elder of Okawaru.
             Killed by an exploding gnoll (23 damage)
             ... ignited by their inner flame
             ... on level 7 of the Dungeon.
             The game lasted 00:06:36 (6628 turns).

HallandMoats the Poker (Minotaur Monk)              Turns: 6628, Time: 00:06:42

Health: -21/70     AC: 11    Str: 13 (16) XL:     8   Next: 31%
Magic:  10/10      EV: 14    Int:  6 (7)  God:    Okawaru [****..]
Gold:   237        SH:  7    Dex: 19 (21) Spells: 7/7 levels left

rFire   . . .      SeeInvis .   a - +0 spear
rCold   . . .      Faith    .   b - +0 buckler
rNeg    . . .      Spirit   .   r - +0 scale mail
rPois   .          Reflect  .   (helmet restricted)
rElec   .          Harm     .   (no cloak)
rCorr   .          Rampage  .   E - +0 pair of gloves
Will    +....                   y - +0 pair of boots
Stlth   ++........              (no amulet)
HPRegen 0.21/turn               B - +6 ring of dexterity
MPRegen 0.12/turn               t - ring of willpower

@: brilliant, heroic, finesse-ful
A: horns 2, retaliatory headbutt
a: Renounce Religion, Heroism, Finesse


You were on level 7 of the Dungeon.
You worshipped Okawaru.
Okawaru was greatly pleased with you.
You visited 1 branch of the dungeon, and saw 7 of its levels.

You collected 237 gold pieces.

Inventory:

Hand Weapons
 a - a +0 spear (weapon)
Missiles
 s - 4 throwing nets (quivered)
Armour
 b - a +0 buckler (worn)
 r - a +0 scale mail (worn)
 y - a +0 pair of boots (worn)
 E - a +0 pair of gloves (worn)
Jewellery
 e - a ring of resist corrosion
 t - a ring of willpower (right hand)
 B - a +6 ring of dexterity (left hand)
 F - a ring of willpower
Wands
 u - a wand of flame (27)
Scrolls
 c - a scroll of immolation
 f - a scroll of teleportation {unknown}
 g - a scroll of blinking {unknown}
 h - 2 scrolls of identify {unknown}
 k - 2 scrolls of magic mapping {unknown}
 o - 2 scrolls of enchant armour {unknown}
 p - 2 scrolls of enchant weapon {unknown}
 q - a scroll of vulnerability {unknown}
 v - a scroll of brand weapon {unknown}
 C - a scroll of amnesia {unknown}
 D - 2 scrolls of torment {unknown}
 G - 3 scrolls of fog {unknown}
Potions
 d - a potion of flight {unknown}
 i - 3 potions of degeneration
 l - a potion of brilliance
 m - a potion of magic
 w - a potion of resistance {unknown}
 x - a potion of mutation {unknown}
 z - a potion of invisibility {unknown}
 A - a potion of haste {unknown}
 H - a potion of might {unknown}


   Skills:
 + Level 5.8(10.8) Fighting
 + Level 5.9(10.9) Polearms
 + Level 4.1(9.1) Armour
 + Level 5.2(10.2) Dodging
 - Level 1.5(6.5) Stealth
 + Level 4.2(9.2) Shields
 * Level 5.3 Invocations


You had 7 spell levels left.
You didn't know any spells.
Your spell library contained the following spells:

 Spells                   Type           Power      Damage    Failure   Level
 Shock                    Conj/Air       0%         1d3       91%         1
 Conjure Flame            Conj/Fire      0%         6-21      100%        3
 Dazzling Flash           Conj/Hex       0%         N/A       100%        3
 Ignite Poison            Fire/Tmut/Pois 0%         N/A       100%        3
 Ozocubu's Armour         Ice            0%         N/A       100%        3
 Swiftness                Air            0%         N/A       100%        3
 Airstrike                Air            0%         N/A       100%        4
 Sticky Flame             Conj/Fire      0%         2d3       100%        4
 Agony                    Necr           0%         N/A       100%        5
 Metabolic Englaciation   Hex/Ice        0%         N/A       100%        5
 Silence                  Hex/Air        0%         N/A       100%        5
 Chain Lightning          Conj/Air       0%         N/A       100%        9
 Fire Storm               Conj/Fire      0%         5d1       100%        9
 Shatter                  Erth           0%         3d5*      100%        9
 Simulacrum               Ice/Necr       Unusable   N/A       N/A         6

Dungeon Overview and Level Annotations

Branches:
Dungeon (7/15)             Temple (0/1) D:5

Altars:
Cheibriados
Dithmenos
Kikubaaqudgha
Nemelex Xobeh
Okawaru
Wu Jian
Xom

Shops:
D:5 (   D:6 *


Innate Abilities, Weirdness & Mutations

You have a pair of horns on your head.
You reflexively headbutt those who attack you in melee.


Message History

You are poisoned.
The gnoll hits you from afar with a +0 spear.
* * * LOW HITPOINT WARNING * * *
The gnoll hits you with a +0 club.
* * * LOW HITPOINT WARNING * * *
Unknown command.
Unknown command.
Unknown command.
Unknown command.
Unknown command.
You rip the net and break free!
You feel very sick. You block the gnoll's attack.
The gnoll hits you with a +0 club.
* * * LOW HITPOINT WARNING * * *
You block the gnoll sergeant's attack. The gnoll hits you but does no damage.
You block the gnoll's attack.
* * * LOW HITPOINT WARNING * * *
You feel very sick. The gnoll completely misses you. You furiously retaliate!
You headbutt the gnoll! You block the gnoll sergeant's attack.
The gnoll hits you but does no damage.
You feel sick. The gnoll barely misses you. You furiously retaliate!
You headbutt the gnoll, but do no damage.
* * * LOW HITPOINT WARNING * * *
You feel sick.
You feel sick.
You feel sick.
You feel sick.
You feel sick.
You feel sick.
You are no longer poisoned.
Okay, then.
As you read the scroll labelled OZXE TA AGGA, it crumbles to dust.
The creatures around you are filled with an inner flame!
It was a scroll of immolation.
The gnoll barely misses you. You furiously retaliate!
You headbutt the gnoll! Okawaru accepts your kill.
The gnoll explodes!
The fiery explosion engulfs you!!
You die...

.....##### # ....#.. ..
...#.####. #+#+#.#.##.#.
#.#.#......#.
#.#.#.#.##.#.
#.#.#....#.#.
############g#...<..#...
.......@§g.gg...........
############............
############# # # # # #
#


You could see a gnoll sergeant (inner flame) and 3 gnolls.

Vanquished Creatures
  Grinder (D:6)
  The ghost of horus123 the Magician, an amateur DEFE (D:4)
  A sky beast (D:4)
  A necrophage (D:5)
  An ice beast (D:6)
  An ogre (D:4)
  A scorpion (D:4)
  3 jellies
  A centaur skeleton (D:4)
  A gnoll shaman (D:6)
  Natasha (thrice) (D:2)
  Terence (D:3)
  2 iguanas (D:4)
  An orc wizard (D:3)
  A hound zombie (D:5)
  A hound skeleton (D:5)
  7 gnolls
  A howler monkey skeleton (D:4)
  6 adders
  2 white imps
  An adder skeleton (D:4)
  2 dart slugs (D:3)
  2 worms (D:2)
  10 orcs
  9 ball pythons
  9 endoplasms
  8 hobgoblins
  2 quokkas
  8 bats
  4 frilled lizards
  3 goblins
  3 kobolds
  A quokka skeleton (D:4)
  5 rats
104 creatures vanquished.

Notes
Turn   | Place    | Note
-------+----------+-------------------------------------------
     0 | D:1      | HallandMoats the Minotaur Monk began the quest for the Orb.
     0 | D:1      | Reached XP level 1. HP: 19/19 MP: 0/0
   228 | D:1      | Reached XP level 2. HP: 27/27 MP: 1/1
   691 | D:1      | Reached skill level 1 in Invocations
   944 | D:2      | Reached skill level 1 in Armour
   944 | D:2      | Reached XP level 3. HP: 27/33 MP: 1/3
  1124 | D:2      | Noticed Natasha
  1131 | D:2      | Killed Natasha
  1132 | D:2      | Reached skill level 1 in Shields
  1329 | D:2      | Noticed Natasha
  1338 | D:2      | Killed Natasha
  1339 | D:2      | Reached XP level 4. HP: 21/40 MP: 4/4
  1500 | D:2      | Found a faded altar of an unknown god.
  1719 | D:2      | Noticed Natasha
  1730 | D:2      | Killed Natasha
  2074 | D:2      | Prayed at the altar of an unknown god.
  2074 | D:2      | Became a worshipper of Warmaster Okawaru
  2074 | D:2      | Reached * piety under Okawaru
  2074 | D:2      | Reached ** piety under Okawaru
  2292 | D:3      | Reached XP level 5. HP: 27/46 MP: 5/5
  2585 | D:3      | Found a snail-covered altar of Cheibriados.
  2652 | D:3      | Noticed Terence
  2662 | D:3      | Killed Terence
  2662 | D:3      | Reached *** piety under Okawaru
  2763 | D:3      | Found an ancient bone altar of Kikubaaqudgha.
  3223 | D:4      | Noticed a sky beast
  3240 | D:4      | Killed a sky beast
  3241 | D:4      | Reached XP level 6. HP: 36/53 MP: 7/7
  3376 | D:4      | Found a runed translucent door.
  3377 | D:4      | Noticed horus123's ghost (amateur DEFE)
  3399 | D:4      | Found a shimmering altar of Xom.
  3452 | D:4      | Found a shadowy altar of Dithmenos.
  3821 | D:4      | Found an ornate altar of the Wu Jian Council.
  3877 | D:4      | Reached XP level 7. HP: 48/60 MP: 8/8
  3994 | D:4      | Reached skill level 5 in Fighting
  4346 | D:4      | Killed horus123's ghost
  4347 | D:4      | Reached skill level 5 in Polearms
  4415 | D:5      | Entered Level 5 of the Dungeon
  4436 | D:5      | Found Ythrot Xaong's Antique Weapon Emporium.
  4445 | D:5      | Found a sparkling altar of Nemelex Xobeh.
  4664 | D:5      | Found a staircase to the Ecumenical Temple.
  5359 | D:6      | Reached **** piety under Okawaru
  5761 | D:6      | Reached skill level 5 in Dodging
  5761 | D:6      | Reached XP level 8. HP: 69/69 MP: 10/10
  5924 | D:6      | Noticed Grinder
  5943 | D:6      | Paralysed by Grinder for 5 turns
  5965 | D:6      | Killed Grinder
  5966 | D:6      | Reached skill level 5 in Invocations
  6122 | D:6      | Found Disan's General Store.
  6623 | D:7      | HP: 3/70 [poisoned by a gnoll sergeant]
  6628 | D:7      | Killed by an exploding gnoll... ignited by their inner
                  | flame

Illustrated notes

Levels and vault maps discovered:
D:1:      elethiomel_arrival_infinity_welcomes_careful_drivers, layout_rooms
D:2:      layout_loops_ring, serial_glass, glass_columns_b, glass_columns_c,
          due_unseen_surprise, minmay_strange_pillars, minmay_strange_pillars,
          item_on_display_a, hellmonk_ecumenical_altar_leap_of_faith,
          supply_closet_lemuel, uniq_natasha
D:3:      layout_loops_ring, mainiacjoe_overflow_concentric_impassable,
          mainiacjoe_overflow_catwalk, amcnicky_mini_rare_corridor_liquid,
          minmay_misc_feat_hallway, minmay_distorted, uniq_terence
D:4:      layout_basic, grunt_dithmenos_smoke, nicolae_wu_jian_wuxing_cycle,
          old_standard_altar, hellmonk_ghost_happy_afterlife,
          kennysheep_generic_room_3
D:5:      layout_loops_ring, overflow_temple_1_default, temple_green,
          serial_shops, shop_fountains, chequers_arboretum,
          chequers_serial_rivers_room_a
D:6:      layout_gridville, serial_shops, shop_fountains, uniq_grinder
D:7:      layout_basic, nicolae_hepliaklqana_monster_ancestors, enter_bailey_2,
          uniq_duvessa

Skill      XL: |  1  2  3  4  5  6  7  8 |
---------------+-------------------------+-----
Invocations    | 1 2 3 4 5 |  5.3
Armour         | 1 2 3 4 |  4.1
Fighting       | 4 5 |  5.8
Polearms       | 4 5 |  5.9
Shields        | 1 2 3 4 |  4.2
Dodging        | 4 5 |  5.2
Stealth        | |  1.5

Action                   |  1- 3 |  4- 6 |  7- 9 || total
-------------------------+-------+-------+-------++-------
Melee: Spear             |    96 |   155 |   185 ||   436
       Headbutt          |    14 |    27 |    48 ||    89
       Punch             |     3 |       |       ||     3
Invok: Heroism           |       |     1 |     1 ||     2
       Finesse           |       |       |     1 ||     1
  Use: Potion            |       |       |     7 ||     7
       Scroll            |       |       |     1 ||     1
 Stab: Sleeping          |     7 |       |     1 ||     8
Armor: Robe              |     7 |     4 |       ||    11
       Scale mail        |       |    20 |    73 ||    93
Dodge: Dodged            |    32 |    48 |    77 ||   157
Block: Buckler           |       |     8 |    38 ||    46
